 Dungeon Crawl Stone Soup version 0.32-a0-30-gefbe487952 (webtiles) character file.

Game seed: 16050075126080170186

195659 initializr the Warrior (level 17, -8/139 (142) HPs)
             Began as a Demonspawn Fire Elementalist on Jan 18, 2024.
             Was a High Priest of Makhleb.
             Mangled by a culicivora (9 damage)
             ... on level 1 of the Spider Nest on Jan 19, 2024.
             The game lasted 01:41:24 (44518 turns).

initializr the Warrior (DsFE)                      Turns: 44518, Time: 01:41:24

HP:   -8/139 (142)  AC: 10    Str: 13      XL:     17   Next: 71%
MP:   0/36          EV: 13    Int: 22      God:    Makhleb [*****.]
Gold: 3251          SH:  0    Dex:  7 (9)  Spells: 26/46 levels left

rFire   + . .        J - +6 hand axe "Pietrism" {heavy, rElec rF+ rCorr Dex-5}
rCold   . . .        A - orb {light}
rNeg    . . .        I - +0 troll leather armour
rPois   +            (helmet unavailable)
rElec   +            T - +0 cloak
rCorr   +            Q - +2 pair of gloves {Str+3}
SInv    +            N - +0 pair of boots
Will    +....        S - amulet of magic regeneration
Stlth   +            G - ring of the Stag {+Blink rPois}
HPRegen 1.23/turn    L - ring of flight
MPRegen 0.90/turn

%: guardian spirit
@: flying, slightly contaminated, glowing, lightly drained
A: antennae 3, powered by death 2, magic shield, magic regeneration, sharp
scales 2, subdued magic 1
}: 1/15 runes: decaying
a: Renounce Religion, Evoke Blink, Minor Destruction, Lesser Servant of Makhleb,
Major Destruction, Greater Servant of Makhleb


You were on level 1 of the Spider Nest.
You worshipped Makhleb.
Makhleb was extremely pleased with you.
You visited 7 branches of the dungeon, and saw 30 of its levels.
You also visited: Sewer.

You collected 3758 gold pieces.
You spent 507 gold pieces at shops.

Inventory:

Hand Weapons
 c - the +1 quarterstaff of Grace {distort, rC- Str+8 Int+5}
   (You found it on level 8 of the Dungeon)

   Str+8:     It affects your strength (+8).
   Int+5:     It affects your intelligence (+5).
   rC-:       It makes you vulnerable to cold.
 J - the +6 hand axe "Pietrism" (weapon) {heavy, rElec rF+ rCorr Dex-5}
   (You found it on level 12 of the Dungeon)

   Dex-5:     It affects your dexterity (-5).
   rF+:       It protects you from fire.
   rElec:     It insulates you from electricity.
   rCorr:     It protects you from acid and corrosion.
Armour
 A - an orb of light (worn)
 I - a +0 troll leather armour (worn)
 N - a +0 pair of boots (worn)
 Q - a +2 pair of gloves of strength (worn)
 T - a +0 cloak (worn)
 X - a +1 buckler of cold resistance
Magical Staves
 n - a staff of air {!a}
 M - a staff of cold {!a}
Jewellery
 F - a ring of fire
 G - the ring of the Stag (left hand) {+Blink rPois}
   (You found it on level 15 of the Dungeon)

   [ring of poison resistance]

   rPois:     It protects you from poison +Blink: It lets you blink.
 L - a ring of flight (right hand)
 S - an amulet of magic regeneration (around neck)
Wands
 a - a wand of polymorph (22)
 e - a wand of flame (16)
 o - a wand of charming (12)
 P - a wand of digging (8)
 U - a wand of acid (1)
 W - a wand of mindburst (21)
Scrolls
 d - 4 scrolls of amnesia
 f - a scroll of immolation {unknown}
 g - 3 scrolls of teleportation {@r4}
 m - 3 scrolls of fog
 s - 7 scrolls of revelation
 t - 4 scrolls of identify {@r1}
 u - 3 scrolls of enchant armour
 x - a scroll of acquirement
 D - 2 scrolls of poison
 H - 7 scrolls of enchant weapon
 V - 3 scrolls of brand weapon
 Z - a scroll of vulnerability {!r!r}
Potions
 b - 2 potions of magic
 h - a potion of cancellation
 j - 2 potions of lignification {!q}
 k - 3 potions of berserk rage {!q}
 p - 7 potions of haste {@q3}
 q - 2 potions of ambrosia
 r - 2 potions of mutation {!q}
 v - 7 potions of might
 w - 3 potions of brilliance
 z - 4 potions of attraction {!q}
 C - a potion of resistance
 O - 2 potions of enlightenment {unknown}
Miscellaneous
 y - a phial of floods
 E - a phantom mirror
 K - a sack of spiders (inert)
 R - a lightning rod (1/4)


   Skills:
 - Level 15.0 Fighting
 - Level 10.0 Dodging
 - Level 1.7 Stealth
 - Level 15.0 Spellcasting
 - Level 11.0 Conjurations
 - Level 6.0 Translocations
 - Level 11.3 Fire Magic
 - Level 4.3 Ice Magic
 * Level 6.9 Air Magic
 - Level 8.0 Alchemy
 - Level 12.0 Invocations


You had 26 spell levels left.
You knew the following spells:

 Your Spells              Type           Power      Damage    Failure   Level
b - Blink                 Tloc           66%        N/A       1%          2
f - Foxfire               Conj/Fire      100%       2x1d9     1%          1
o - Olgreb's Toxic Radia  Alch           39%        N/A       1%          4
X - Scorch                Fire           100%       2d9       1%          2
Y - Plasma Beam           Fire/Air       21%        2x1d33    14%         6
Z - Arcjolt               Conj/Air       21%        1d31      2%          5

Your spell library contained the following spells:

 Spells                   Type           Power      Damage    Failure   Level
 Freeze                   Ice            100%       1d10      1%          1
 Magic Dart               Conj           100%       1d8       1%          1
 Sting                    Conj/Alch      100%       1d9       1%          1
 Mercury Vapours          Alch/Air       74%        N/A       1%          2
 Searing Ray              Conj           98%        2d8       1%          2
 Frozen Ramparts          Ice            54%        1d9       1%          3
 Hailstorm                Conj/Ice       38%        3d9       1%          3
 Inner Flame              Hex/Fire       31%        N/A       1%          3
 Ozocubu's Armour         Ice            27%        N/A       1%          3
 Volatile Blastmotes      Fire/Tloc      84%        2d17      1%          3
 Flame Wave               Conj/Fire      50%        2d12      1%          4
 Fulminant Prism          Conj/Alch      22%        3d12      1%          4
 Ignite Poison            Fire/Alch      45%        N/A       1%          4
 Sticky Flame             Fire/Alch      45%        2d9       1%          4
 Manifold Assault         Tloc           33%        N/A       2%          4
 Vhi's Electric Charge    Tloc/Air       68%        N/A       2%          4
 Slow                     Hex            48%        N/A       3%          1
 Summon Ice Beast         Ice/Summ       20%        N/A       4%          3
 Call Imp                 Summ           24%        N/A       5%          2
 Jinxbite                 Hex            24%        N/A       5%          2
 Confusing Touch          Hex            12%        N/A       12%         3
 Fugue of the Fallen      Necr           12%        N/A       12%         3
 Sigil of Binding         Hex            12%        N/A       12%         3
 Vampiric Draining        Necr           12%        2d6       12%         3
 Yara's Violent Unravell  Hex/Alch       13%        3d7       21%         5
 Animate Dead             Necr           12%        N/A       36%         4
 Metabolic Englaciation   Hex/Ice        10%        N/A       41%         5
 Sculpt Simulacrum        Ice/Alch       16%        N/A       45%         6
 Dispersal                Tloc           16%        N/A       47%         6
 Borgnjor's Vile Clutch   Necr/Erth      6%         N/A       73%         5
 Ignition                 Fire           25%        3d8       95%         8
 Death Channel            Necr           6%         N/A       100%        6
 Enfeeble                 Hex            6%         N/A       100%        7
 Haunt                    Necr/Summ      6%         N/A       100%        7
 Disjunction              Tloc           16%        N/A       100%        8
 Infestation              Necr           6%         N/A       100%        8


Dungeon Overview and Level Annotations

Branches:
Dungeon (15/15)            Temple (1/1) D:4            Lair (5/5) D:11
  Swamp (4/4) Lair:3       Spider (1/4) Lair:2        Slime (0/5) Lair:4
    Orc (2/2) D:10            Elf (2/3) Orc:2        Vaults (0/5) D:13
 Depths (0/4) D:15          Sewer (visited)

Altars:
Ashenzari
Cheibriados
Dithmenos
Fedhas
Gozag
Hepliaklqana
Kikubaaqudgha
Makhleb
Nemelex Xobeh
Okawaru
Qazlal
Ru
Sif Muna
Trog
Uskayaw
Vehumet
Wu Jian
Xom
Yredelemnul

Shops:
D:1 (:*   Orc:2 (=[*(*!*!

Annotations:
Lair:3 exclusion: orange crystal statue


Innate Abilities, Weirdness & Mutations

You have a pair of large antennae on your head. (SInv)
You regenerate health from kills.
When hurt, damage is shared between your health and your magic reserves.
You regenerate magic rapidly.
You are mostly covered in razor-sharp scales. (AC +2, Slay +2)
Your spells are a little easier to cast, but a little less powerful.


Message History

You feel better.
You kill the wolf spider!
The wolf spider's corpse disappears in a puff of smoke!
The broodmother looks more healthy.
The redback barely misses you. The broodmother barely misses you.
The tarantella completely misses you. The redback barely misses you.
Unknown command.
You feel better.
Your surroundings suddenly seem different. 2 culicivoras, a jumping spider and a wolf spider come into view.
The culicivora's many legs skitter faintly. x2
The jumping spider's many legs skitter faintly.
The wolf spider's many legs skitter.
The culicivora bites you!
* * * LOW HITPOINT WARNING * * *
The culicivora draws strength from your injuries!
The jumping spider pounces on you!
* * * LOW HITPOINT WARNING * * *
The jumping spider bites you but does no damage.
The culicivora completely misses you.
Casting: Olgreb's Toxic Radiance (mildly dangerous; 1% risk of failure)
Confirm with . or Enter, or press ? or * to list all spells.
Okay, then.
Magic courses through your body. The jumping spider barely misses you.
The jumping spider bites you but does no damage.
The culicivora barely misses you. x2
The wolf spider hits you but does no damage.
The wolf spider bites you!
* * * LOW HITPOINT WARNING * * *
Unknown command.
Casting: Olgreb's Toxic Radiance (mildly dangerous; 1% risk of failure)
Confirm with . or Enter, or press ? or * to list all spells.
Electricity surges outward!
The culicivora is struck by an electric surge!
The wolf spider is struck by an electric surge!
The culicivora is struck by an electric surge!!
The jumping spider is struck by an electric surge!
You hear a faint skittering sound.
The jumping spider pounces on you!
* * * LOW HITPOINT WARNING * * *
The jumping spider bites you.
* * * LOW HITPOINT WARNING * * *
The culicivora bites you!
* * * LOW HITPOINT WARNING * * *
The culicivora draws strength from your injuries!
The culicivora chitters at the culicivora.
The culicivora's wounds heal themselves!
The wolf spider barely misses you. x2; The jumping spider leaps!
The culicivora bites you!
You die...

.. .. . .....# .
.. ....# ##.#
####...# ...
.^....# ### #....#
#.## # #^..# ...#
#...#.°s# ...#
#....)s@# ...#
#...#.s.# #.## #
#..?# [## #....#
.. ......# ###
####...#
............ .....
..............^..^
.........^#..


You could see a wolf spider and 2 culicivoras.

Vanquished Creatures
  2 azure jellies (Swamp:4)
  A ghost moth (Lair:2)
  A deep elf demonologist (Elf:1)
  5 eleionomae
  A deep elf death mage (Elf:2)
  3 bunyips
  An ettin (Orc:2)
  Josephine (D:10)
  Snorg (D:9)
  An entropy weaver (Spider:1)
  A deep elf high priest (Elf:1)
  2 shambling mangroves
  10 hydras
  2 ice dragons (Swamp:4)
  5 vault guards (D:13)
  Erolcha (D:10)
  2 ogre magi (D:13)
  2 ghost crabs
  A catoblepas (Lair:1)
  A radroach (Lair:2)
  6 centaur warriors
  2 jorogumos (Spider:1)
  8 boulder beetles
  14 alligators
  3 dancing weapons
  9 death yaks
  5 two-headed ogres
  4 deep elf knights (Elf:1)
  4 orc high priests (Orc:2)
  5 tengu warriors
  Urug (Orc:1)
  Amaemon (Lair:3)
  Sonja (Orc:1)
  2 skysharks (Lair:5)
  2 death drakes
  2 arcanists
  14 deep elf archers
  3 spriggan druids
  4 bog bodies
  2 orb spiders (Spider:1)
  2 swamp dragons
  7 deep elf zephyrmancers
  A phantasmal warrior (D:14)
  A lindwurm (shapeshifter) (D:14)
  12 deep elf pyromancers
  5 orc knights
  5 will-o-the-wisps
  6 wolf spiders
  6 cyclopes
  2 manticores
  A kobold blastminer (Orc:2)
  5 orc sorcerers
  11 ugly things
  4 meliai
  6 black mambas
  A moth of wrath (D:8)
  13 elephants
  An ice statue (D:12)
  2 torpor snails
  An orange demon (Lair:3)
  2 gargoyles
  21 cane toads
  An unseen horror (D:10)
  6 freezing wraiths
  2 efreet
  10 komodo dragons
  4 yaktaurs
  4 rime drakes
  A tengu conjurer (D:14)
  The ghost of BigAl98 the Sneak, a novice KoEn (D:5)
  8 trolls
  3 tarantellas (Spider:1)
  6 tyrant leeches
  2 polar bears
  A bloated husk (Swamp:3)
  23 blink frogs
  11 hornets
  A raiju (shapeshifter) (D:14)
  4 culicivoras (Spider:1)
  2 air elementals (Elf:1)
  3 jumping spiders
  The ghost of kae the Firebug, an amateur TeFE (D:4)
  2 water elementals (Elf:2)
  8 slime creatures
  6 spriggans
  8 wraiths
  2 shadows
  6 wyverns
  52 yaks
  A vampire (D:10)
  Grum (D:10)
  A fire elemental (Elf:1)
  2 wargs (Orc:2)
  5 basilisks
  4 redbacks (Spider:1)
  20 vampire mosquitoes
  2 swamp worm simulacra (Swamp:4)
  7 swamp worms
  An acid dragon (D:13)
  18 water moccasins
  15 hydra simulacra (Swamp:4)
  37 orc warriors
  A swamp drake (Swamp:1)
  3 black bears
  2 ice beasts (D:6)
  3 laughing skulls (D:14)
  8 wolves
  4 ogres
  4 boggarts (D:15)
  4 centaurs
  A phantom (D:4)
  3 kobold brigands
  A gnoll sergeant (D:13)
  2 earth elementals (Elf:1)
  15 bullfrogs
  A scorpion (D:4)
  13 killer bees
  3 howler monkeys
  10 electric eels
  3 lava snakes (Lair:3)
  A bombardier beetle (D:6)
  A quasit (D:4)
  A gnoll bouda (D:8)
  12 hounds
  4 jellies
  21 orc priests
  A sleepcap (D:5)
  Jessica (D:2)
  4 iguanas
  39 orc wizards
  13 adders
  18 gnolls
  3 shadow imps (D:5)
  8 white imps
  6 swamp drake simulacra (Swamp:4)
  5 ufetubi (D:5)
  12 dart slugs
  78 orcs
  10 ball pythons
  7 endoplasms
  13 giant cockroaches
  6 goblins
  4 hobgoblins
  6 quokkas
  5 bats
  13 frilled lizards
  28 kobolds
  11 rats
955 creatures vanquished.

Vanquished Creatures (collateral kills)
  Rupert (D:13)
  A frost giant (D:15)
  A ghost moth (Spider:1)
  An orc warlord (Orc:2)
  2 hydras
  3 dancing weapons (Elf:1)
  4 death yaks (Lair:4)
  A skyshark (Lair:5)
  A spriggan druid (Swamp:3)
  A deep elf pyromancer (Elf:1)
  A deep elf zephyrmancer (Elf:1)
  2 will-o-the-wisps (Swamp:3)
  4 cane toads (Lair:5)
  3 hornets (Swamp:3)
  6 blink frogs (Lair:5)
  A slime creature (D:14)
  2 spriggans (Swamp:3)
  A yak (D:9)
  A vampire mosquito (Lair:5)
  2 water moccasins (Lair:5)
  An earth elemental (Elf:1)
  An electric eel (Lair:5)
  An orc priest (Orc:2)
  9 foxfires
51 creatures vanquished.

Vanquished Creatures (others)
  An alligator (Swamp:4)
  A deep elf pyromancer (Elf:1)
  A will-o-the-wisp (Swamp:3)
  A cane toad (Lair:5)
  A bloated husk (Swamp:3)
  A yak (D:9)
  A bullfrog (Lair:5)
  2712 foxfires
2719 creatures vanquished.

Grand Total: 3725 creatures vanquished

Notes
Turn   | Place    | Note
-------+----------+-------------------------------------------
     0 | D:1      | initializr the Demonspawn Fire Elementalist began the quest
                  | for the Orb.
     0 | D:1      | Reached XP level 1. HP: 13/13 MP: 3/3
    79 | D:1      | Found Izued's Assorted Antiques.
   158 | D:1      | Found Joty's Weapon Shoppe.
   263 | D:1      | Gained mutation: You regenerate magic rapidly. [demonic
                  | ancestry]
   263 | D:1      | Reached XP level 2. HP: 19/19 MP: 0/5
   266 | D:1      | Learned a level 2 spell: Scorch
   365 | D:1      | Found a faded altar of an unknown god.
   375 | D:1      | Reached skill level 3 in Fire Magic
   617 | D:1      | Found Huhiff's Book Shop.
  1125 | D:2      | Found a hazy altar of Hepliaklqana.
  1146 | D:2      | Noticed Jessica
  1150 | D:2      | Killed Jessica
  1151 | D:2      | Gained mutation: When hurt, damage is shared between your
                  | health and your magic reserves. [demonic ancestry]
  1151 | D:2      | Reached XP level 3. HP: 24/24 MP: 1/6
  1298 | D:2      | Reached XP level 4. HP: 30/30 MP: 3/7
  1550 | D:2      | Reached skill level 3 in Conjurations
  1939 | D:2      | Gained mutation: You regenerate a little health from kills.
                  | [demonic ancestry]
  1939 | D:2      | Reached XP level 5. HP: 35/35 MP: 2/9
  2129 | D:3      | Found a glowing drain.
  2138 | Sewer    | Entered a sewer
  2384 | Sewer    | Reached skill level 3 in Spellcasting
  2543 | Sewer    | Gained mutation: You have a pair of small antennae on your
                  | head. [demonic ancestry]
  2543 | Sewer    | Reached XP level 6. HP: 32/41 MP: 3/10
  2582 | Sewer    | Identified the +4 ring mail of the Living God {rN+}
  2733 | D:3      | Identified the +0 ring mail "Jefiuff" {Will+}
  3376 | D:4      | Gained mutation: You are partially covered in razor-sharp
                  | scales. (AC +1, Slay +1) [demonic ancestry]
  3376 | D:4      | Reached XP level 7. HP: 30/46 MP: 1/12
  3663 | D:4      | Noticed kae's ghost (amateur TeFE)
  3768 | D:4      | Found a transporter.
  3814 | D:4      | Found a transporter.
  4169 | D:4      | Found a staircase to the Ecumenical Temple.
  4392 | Temple   | Entered the Ecumenical Temple
  4405 | Temple   | Became a worshipper of Makhleb the Destroyer
  4451 | D:5      | Entered Level 5 of the Dungeon
  4630 | D:5      | Found a runed translucent gate.
  4630 | D:5      | Found a runed translucent gate.
  4630 | D:5      | Found a runed translucent gate.
  4635 | D:5      | Found an opulent altar of Gozag.
  4635 | D:5      | Noticed a yak
  4636 | D:5      | Noticed BigAl98's ghost (novice KoEn)
  4744 | D:5      | Reached skill level 1 in Invocations
  4744 | D:5      | Reached XP level 8. HP: 53/53 MP: 6/14
  4836 | D:5      | Reached skill level 6 in Fire Magic
  4838 | D:5      | Reached skill level 1 in Fighting
  5023 | D:5      | Found a shimmering altar of Xom.
  5024 | D:5      | Found a broken altar of Ashenzari.
  5026 | D:5      | Found an iron altar of Okawaru.
  5059 | D:5      | Reached skill level 6 in Conjurations
  5087 | D:5      | Found a blossoming altar of Fedhas.
  5194 | D:5      | Reached * piety under Makhleb
  5853 | D:6      | Identified the +5 trident "Atihat" {pain, *Noise rCorr
                  | Dex+3}
  5864 | D:6      | Reached skill level 3 in Invocations
  6087 | D:6      | Reached skill level 3 in Fighting
  6513 | D:7      | Noticed a hornet
  6518 | D:7      | Killed a hornet
  6581 | D:7      | Gained mutation: You regenerate health from kills. [demonic
                  | ancestry]
  6581 | D:7      | Reached XP level 9. HP: 65/65 MP: 12/17
  6879 | D:7      | Found a stormy altar of Qazlal.
  6916 | D:7      | Noticed a troll
  6923 | D:7      | Killed a troll
  6924 | D:7      | Reached skill level 6 in Spellcasting
  6924 | D:7      | Reached skill level 6 in Invocations
  7558 | D:8      | Noticed a moth of wrath
  7562 | D:8      | Found a bloodstained altar of Trog.
  7570 | D:8      | Killed a moth of wrath
  7571 | D:8      | Reached skill level 6 in Fighting
  7630 | D:8      | Identified the +1 quarterstaff of Grace {distort, rC- Str+8
                  | Int+5}
  7663 | D:8      | Reached ** piety under Makhleb
  8382 | D:9      | Reached XP level 10. HP: 77/77 MP: 14/21
  9038 | D:9      | Reached *** piety under Makhleb
  9345 | D:9      | Found a sparkling altar of Nemelex Xobeh.
  9348 | D:9      | Found a sacrificial altar of Ru.
  9353 | D:9      | Found a shadowy altar of Dithmenos.
  9738 | D:10     | Entered Level 10 of the Dungeon
  9795 | D:10     | Noticed a two-headed ogre
  9800 | D:10     | Noticed Erolcha
  9982 | D:10     | Found a staircase to the Orcish Mines.
 10013 | D:10     | Noticed Josephine
 10029 | D:10     | Killed Josephine
 10166 | D:10     | Noticed Grum
 10183 | D:10     | Reached skill level 9 in Spellcasting
 10265 | D:10     | Reached skill level 9 in Fighting
 10827 | D:9      | Reached XP level 11. HP: 77/89 MP: 8/24
 11479 | D:10     | Killed Grum
 11530 | D:10     | Killed a two-headed ogre
 11820 | D:10     | Noticed Snorg
 11832 | D:9      | Killed Snorg
 11937 | D:10     | Killed Erolcha
 12040 | D:10     | Learned a level 4 spell: Olgreb's Toxic Radiance
 12119 | D:10     | Reached **** piety under Makhleb
 12588 | D:11     | Noticed a two-headed ogre
 13093 | D:10     | Reached skill level 1 in Alchemy
 13304 | D:10     | Reached skill level 3 in Alchemy
 13450 | D:11     | Killed a two-headed ogre
 13530 | D:11     | Found a staircase to the Lair.
 13784 | D:12     | Reached XP level 12. HP: 90/100 MP: 10/27
 14024 | D:12     | Identified the +6 hand axe "Pietrism" {heavy, rElec rF+
                  | rCorr Dex-5}
 14236 | D:12     | Noticed a two-headed ogre
 14241 | D:12     | Killed a two-headed ogre
 14242 | D:12     | Reached skill level 6 in Alchemy
 14483 | D:12     | Noticed a boulder beetle
 14494 | D:12     | Killed a boulder beetle
 14672 | D:12     | Reached ***** piety under Makhleb
 14901 | D:12     | Identified the staff "Eptes" {rPois rN+ Necro}
 15111 | Lair:1   | Entered Level 1 of the Lair of Beasts
 15800 | Lair:1   | Noticed a catoblepas
 15830 | Lair:1   | Killed a catoblepas
 16377 | Lair:1   | Reached XP level 13. HP: 89/107 MP: 10/28
 16527 | Lair:1   | Reached skill level 12 in Fighting
 16763 | Lair:1   | Learned a level 2 spell: Blink
 17153 | Lair:2   | Reached skill level 1 in Translocations
 17417 | Lair:2   | You are sucked into a shaft and drop 2 floors!
 17591 | Lair:4   | Reached skill level 12 in Spellcasting
 17603 | Lair:4   | Reached skill level 9 in Conjurations
 17949 | Lair:4   | Identified the +3 quarterstaff of the Charmed God {venom,
                  | Str+5}
 18624 | Lair:4   | Found a runed translucent door.
 18627 | Lair:4   | Found a staircase to the Slime Pits.
 19167 | Lair:3   | Noticed Amaemon
 19189 | Lair:3   | Killed Amaemon
 19190 | Lair:3   | Reached skill level 3 in Translocations
 19487 | Lair:3   | Found a staircase to the Swamp.
 19750 | Lair:3   | Reached skill level 9 in Invocations
 20452 | Lair:2   | Found a hole to the Spider Nest.
 20496 | Lair:2   | Identified the +4 halberd "Yplillam" {venom, ^Contam Dex+6}
 21112 | Lair:5   | Entered Level 5 of the Lair of Beasts
 21193 | Lair:5   | Gained mutation: You have a pair of antennae on your head.
                  | [demonic ancestry]
 21193 | Lair:5   | Reached XP level 14. HP: 92/116 MP: 9/30
 22165 | Lair:5   | Reached skill level 6 in Translocations
 22567 | Lair:5   | Identified the +6 trident of the Ageing Ass {holy, *Slow
                  | +Blink rPois Stlth-}
 22971 | Orc:1    | Entered Level 1 of the Orcish Mines
 22971 | Orc:1    | Noticed Sonja
 22975 | Orc:1    | Noticed Urug
 22977 | Orc:1    | Killed Sonja
 22982 | Orc:1    | Killed Urug
 23211 | Orc:2    | Entered Level 2 of the Orcish Mines
 23211 | Orc:2    | Found Toade's Assorted Antiques.
 23265 | Orc:2    | Bought a scroll labelled JAOWAE KUVO for 27 gold pieces
 23265 | Orc:2    | Bought a scroll of teleportation for 81 gold pieces
 23654 | Orc:2    | Found Pagyq's Distillery.
 23708 | Orc:2    | Found Ninnazesai's Assorted Antiques.
 23710 | Orc:2    | Bought a potion of curing for 48 gold pieces
 23710 | Orc:2    | Bought a potion of curing for 48 gold pieces
 23710 | Orc:2    | Bought a potion of heal wounds for 80 gold pieces
 23718 | Orc:2    | Found a staircase to the Elven Halls.
 23738 | Orc:2    | Found Hiblov's Distillery.
 23758 | Orc:2    | Bought a potion of heal wounds for 85 gold pieces
 23768 | Orc:2    | Found Cahouffe's Antique Weapon Shop.
 23897 | Orc:2    | Noticed an orc warlord
 23917 | Orc:2    | Killed an orc warlord
 24058 | Orc:2    | Gained mutation: You are mostly covered in razor-sharp
                  | scales. (AC +2, Slay +2) [demonic ancestry]
 24058 | Orc:2    | Reached XP level 15. HP: 124/125 MP: 17/33
 24324 | Orc:2    | Found Umiq's Antique Armour Shoppe.
 24325 | Orc:2    | Found Cosess's Antique Weapon Emporium.
 24327 | Orc:2    | Found Pofong's General Store.
 24327 | Orc:2    | Found Weol's Jewellery Shoppe.
 24343 | Orc:2    | Bought a scroll of fear for 52 gold pieces
 24512 | Orc:1    | Reached ****** piety under Makhleb
 24571 | Orc:2    | Reached skill level 15 in Fighting
 25199 | D:1      | Bought a scroll labelled GEUWOS QEAGIM for 21 gold pieces
 25201 | D:1      | Acquired 877 gold pieces
 25912 | D:13     | Noticed Rupert
 26710 | D:13     | Reached skill level 15 in Spellcasting
 26858 | D:13     | Found a gate to the Vaults.
 27056 | D:13     | Paralysed by Rupert for 3 turns
 27068 | D:13     | Killed Rupert
 27322 | D:13     | Found an ancient bone altar of Kikubaaqudgha.
 27780 | D:13     | Reached skill level 3 in Dodging
 30089 | D:15     | Entered Level 15 of the Dungeon
 30171 | D:15     | Identified the ring of the Stag {+Blink rPois}
 30278 | D:15     | Found a staircase to the Depths.
 30278 | D:15     | Noticed a frost giant
 30304 | D:15     | Killed a frost giant
 30305 | D:15     | Reached XP level 16. HP: 35/136 MP: 13/35
 30558 | D:15     | Reached skill level 6 in Dodging
 32504 | Orc:2    | Bought a potion of heal wounds for 65 gold pieces
 32506 | Orc:2    | Upgraded the game from 0.32-a0-22-g6ae6769602 to
                  | 0.32-a0-30-gefbe487952
 32674 | D:4      | Killed kae's ghost
 32866 | D:5      | Reached skill level 12 in Invocations
 32871 | D:5      | Killed BigAl98's ghost
 33183 | Swamp:1  | Entered Level 1 of the Swamp
 34940 | Swamp:3  | Reached skill level 9 in Dodging
 35148 | Swamp:3  | Reached skill level 9 in Fire Magic
 35972 | Spider:1 | Entered Level 1 of the Spider Nest
 36274 | Lair:2   | HP: 2/136 [radroach (47)]
 37641 | Elf:1    | Entered Level 1 of the Elven Halls
 38099 | Elf:1    | Paralysed by an air elemental for 1 turns
 38152 | Elf:1    | Gained mutation: You have a pair of large antennae on your
                  | head. (SInv) [demonic ancestry]
 38152 | Elf:1    | Reached XP level 17. HP: 123/142 MP: 14/36
 39191 | Elf:1    | Gained mutation: Your spells are a little easier to cast,
                  | but a little less powerful. [a cacodemon]
 39795 | Elf:1    | Reached skill level 1 in Ice Magic
 40706 | Elf:2    | Reached skill level 3 in Ice Magic
 41731 | Swamp:4  | Entered Level 4 of the Swamp
 41960 | Swamp:4  | Reached skill level 1 in Air Magic
 42246 | Swamp:4  | Reached skill level 3 in Air Magic
 42356 | Swamp:3  | Learned a level 6 spell: Plasma Beam
 43926 | Swamp:4  | Reached skill level 6 in Air Magic
 43953 | Swamp:4  | Got a decaying rune of Zot
 44072 | Lair:3   | Learned a level 5 spell: Arcjolt
 44518 | Spider:1 | HP: 6/139 [jumping spider (4)]
 44518 | Spider:1 | HP: 1/139 [culicivora (3)]
 44518 | Spider:1 | Mangled by a culicivora

Illustrated notes

Levels and vault maps discovered:
D:1:      saegor_arrival_simple_e, layout_basic,
          hellmonk_ecumenical_altar_crossroads, serial_shops,
          nicolae_lakefront_shop, shop, shop, minmay_misc_feat_tower
D:2:      layout_loops_ring, basic_altar, uniq_jessica
D:3:      layout_basic, portal_sewer_entry_d
D:4:      layout_basic, minmay_temple_entry_wispy, gammafunk_ghost_arena
D:5:      layout_basic, mainiacjoe_overflow_alcove_1,
          mainiacjoe_overflow_alcove_3, serial_demonic, serial_demonic_e,
          serial_demonic_g, serial_demonic_d, serial_demonic_b,
          serial_demonic_d, serial_demonic_b, serial_demonic_d,
          serial_demonic_d, ebering_ghost_gozag, lemuel_flamethrower_2
D:6:      layout_gridville
D:7:      layout_loops_ring, overflow_temple_1_default,
          kennysheep_big_empty_room
D:8:      layout_loops_ring, tgw_trog
D:9:      layout_layer_cave, grunt_temple_overflow_diamond
D:10:     layout_cave_pools, minmay_orc_entry_temple_large, uniq_erolcha,
          uniq_snorg, uniq_grum, uniq_josephine
D:11:     layout_cave_pools, erik_lair_island
D:12:     statuecave_lemuel, layout_basic, minmay_misc_feat_encased
D:13:     layout_basic, grunt_vaults_entry_fortified, kennysheep_small_circle,
          uniq_rupert
D:14:     minmay_the_grid_square_5x5_4x4_mashed
          [minmay_the_grid_square_5x5_comb,
          minmay_the_grid_square_5x5_six_small,
          minmay_the_grid_square_5x5_almost_minimal,
          minmay_the_grid_square_5x5_minibox,
          minmay_the_grid_square_5x5_minimal,
          minmay_the_grid_square_5x5_prize_monsterx,
          minmay_the_grid_square_5x5_prize_open,
          minmay_the_grid_square_5x5_hollow_slash, minmay_the_grid_square_5x5_n,
          minmay_the_grid_square_5x5_prize_deathbox,
          minmay_the_grid_square_5x5_prize_pseudospiral,
          minmay_the_grid_square_5x5_empty,
          minmay_the_grid_square_5x5_broken_cross,
          minmay_the_grid_square_5x5_two_walls_a,
          minmay_the_grid_square_5x5_half_checkered,
          minmay_the_grid_square_5x5_two_small], layout_basic,
          kennysheep_nondescript
D:15:     grunt_enter_depths_snipers, layout_irregular_city,
          corexii_leaking_fountain
Temple:   hc_temple_tempest_star
Lair:1:   layout_roguey, nzn_random_ring
Lair:2:   layout_hall_layers, hellmonk_spider_entry_not_the_bees,
          serial_bayou_pond_e, beast_lair_carwin_2
Lair:3:   layout_roguey, minmay_swamp_entry_reptiles, gauntlet_entry_generic,
          disabler_island, uniq_amaemon
Lair:4:   layout_concentric_octagons, slime_entry_2, lemuel_fruit_tree
Lair:5:   minmay_lair_end_frog_pond, layout_cave_shapes,
          chequers_serial_rivers_marsh
Swamp:1:  layout_falls_marsh, evilmike_swamp_ruin_house_6, swamp_pool_4
Swamp:2:  layout_basic_swamp, evilmike_swamp_ruin_house_1
Swamp:3:  layout_falls_marsh, hangedman_swamp_ruin_wall,
          nicolae_swamp_long_stream
Swamp:4:  swamp_icy, layout_basic_swamp, nicolae_swamp_orc_logging_accident
Spider:1: layout_spider_delve, nicolae_spider_bug_shape
Orc:1:    layout_caves, uniq_urug, uniq_sonja
Orc:2:    st_orc_congregation, layout_diamond_mine, serial_shops,
          nicolae_shop_tiny_waterfront, shop, shop, shop, shop
Elf:1:    eino_elf_arrival_the_gate, layout_geoelf_grid,
          kennysheep_underground_church
Elf:2:    elven_hall_of_blades_hangedman_original
          [nicolae_blade_entry_splitting_headache], layout_geoelf_diagonals,
          minmay_misc_feat_rows, uniq_agnes

Skill      XL: |  1  2  3  4  5  6  7  8  9 10 11 12 13 14 15 16 17 |
---------------+----------------------------------------------------+-----
Fire Magic     | 3 4 5 6 7 10 11 | 11.3
Conjurations   | 2 3 4 5 6 7 8 9 10 11 | 11.0
Spellcasting   | 3 4 5 7 9 11 12 14 15 | 15.0
Invocations    | 1 5 7 9 10 11 12 | 12.0
Fighting       | 4 6 9 11 12 14 15 | 15.0
Alchemy        | 4 8 |  8.0
Translocations | 4 6 |  6.0
Dodging        | 5 10 | 10.0
Ice Magic      | 4 |  4.3
Air Magic      | 6 |  6.9
Stealth        | |  1.7

Action                     |  1- 3 |  4- 6 |  7- 9 | 10-12 | 13-15 | 16-18 || total
---------------------------+-------+-------+-------+-------+-------+-------++-------
  Melee: Unarmed           |    10 |     2 |     3 |       |       |       ||    15
         Trident           |       |       |    12 |    89 |       |       ||   101
         Punch             |       |       |       |     3 |       |       ||     3
         Hand axe          |       |       |       |    11 |    66 |    73 ||   150
   Cast: Foxfire           |    38 |   104 |   207 |   306 |   438 |   443 ||  1536
         Scorch            |    10 |    22 |   106 |   317 |   509 |   457 ||  1421
         Olgreb's Toxic Ra |       |       |       |    26 |   235 |   119 ||   380
         Blink             |       |       |       |       |       |     2 ||     2
         Plasma Beam       |       |       |       |       |       |    27 ||    27
         Arcjolt           |       |       |       |       |       |     1 ||     1
 Invoke: Lesser Servant of |       |       |       |       |    39 |    32 ||    71
  Evoke: Wand              |       |       |       |    31 |    31 |    31 ||    93
         Phantom mirror    |       |       |       |       |     3 |     1 ||     4
         Lightning rod     |       |       |       |       |       |     9 ||     9
         Sack of spiders   |       |       |       |       |       |     1 ||     1
    Use: Scroll            |       |       |    12 |     4 |    21 |    13 ||    50
         Potion            |       |       |       |     3 |     9 |    15 ||    27
   Stab: Distracted        |       |       |       |     1 |       |       ||     1
 Armour: Robe              |    10 |     9 |       |       |       |       ||    19
         Ring mail         |       |     1 |    70 |   560 |   727 |   765 ||  2123
         Troll leather arm |       |       |       |       |       |    78 ||    78
  Dodge: Dodged            |    11 |    10 |    71 |   333 |   342 |   384 ||  1151

Table legend: (Time is in decaauts)
 A = Elapsed time spent in this place.
 B = Non-inter-level travel time spent in this place.
 C = Inter-level travel time spent in this place.
 D = Time resting spent in this place.
 E = Time spent auto-exploring this place.
 F = Levels seen in this place.
 G = Mean time per level.
                   A        B        C        D        E       F      G
               +--------+--------+--------+--------+--------+-----+--------+
         Total |  44927 |  40500 |   4427 |  10565 |  22933 |  31 | 1449.3 |
       Dungeon |  22800 |  20434 |   2366 |   4572 |  12593 |  15 | 1520.0 |
        Temple |     26 |      1 |     25 |      0 |      0 |   1 |   26.0 |
          Lair |   9782 |   8571 |   1211 |   2346 |   4889 |   5 | 1956.4 |
         Swamp |   5161 |   4777 |    384 |   1222 |   2630 |   4 | 1290.2 |
   Spider Nest |    535 |    526 |      9 |    108 |    207 |   1 |  535.0 |
  Orcish Mines |   2243 |   1946 |    297 |    657 |    820 |   2 | 1121.5 |
   Elven Halls |   3861 |   3730 |    131 |   1659 |   1469 |   2 | 1930.5 |
         Sewer |    515 |    515 |      0 |      0 |    325 |   1 |  515.0 |
               +--------+--------+--------+--------+--------+-----+--------+

Top non-repeatable levels by time:
     D:9: 3259 daAuts
   Elf:1: 3198 daAuts
    D:13: 2953 daAuts
  Lair:2: 2829 daAuts
    D:14: 2811 daAuts
  Lair:1: 2156 daAuts
 Swamp:3: 2009 daAuts
    D:10: 1934 daAuts
  Lair:4: 1709 daAuts
  Lair:5: 1686 daAuts
   Orc:2: 1486 daAuts
 Swamp:4: 1459 daAuts
    D:12: 1400 daAuts
  Lair:3: 1400 daAuts
     D:5: 1350 daAuts
